 Dungeon Crawl Stone Soup version 0.28-b1-25-g9875b3fc8c (webtiles) character file.

Game seed: 3579784738641315333

2380 sanka the Destroyer (level 9, 0/54 HPs)
             Began as a Deep Elf Transmuter on Feb 8, 2022.
             Was a Believer of Vehumet.
             Slain by Harold (7 damage)
             ... on level 7 of the Dungeon.
             The game lasted 00:16:28 (8949 turns).

sanka the Destroyer (Deep Elf Transmuter)           Turns: 8949, Time: 00:16:29

Health: 0/54       AC:  6    Str:  7    XL:     9   Next: 22%
Magic:  14/18      EV:  9    Int: 29    God:    Vehumet [**....]
Gold:   273        SH:  0    Dex: 21    Spells: 14/18 levels left

rFire   . . .      SeeInvis .   a - +7 flail "Murmur" {vorpal, rN+ Dex+6}
rCold   + . .      Faith    .   (no shield)
rNeg    + . .      Spirit   .   w - +0 steam dragon scales
rPois   .          Reflect  .   (no helmet)
rElec   .          Harm     .   (no cloak)
rCorr   .          Rampage  .   (no gloves)
Will    .....                   s - +0 pair of boots
Stlth   ++........              (no amulet)
HPRegen 0.18/turn               e - +6 ring of intelligence
MPRegen 0.16/turn               D - ring of protection from cold

@: marked, held
A: no striking features
a: Renounce Religion


You were on level 7 of the Dungeon.
You worshipped Vehumet.
Vehumet was pleased with you.
You visited 1 branch of the dungeon, and saw 7 of its levels.

You collected 273 gold pieces.

Inventory:

Hand Weapons
 a - the +7 flail "Murmur" (weapon) {vorpal, rN+ Dex+6}
   (You found it on level 6 of the Dungeon)

   It inflicts extra damage upon your enemies.
   Dex:       It affects your dexterity (+6).
   rN:        It protects you from negative energy.
 b - a +0 quarterstaff
 x - a +1 dagger of venom
Missiles
 A - a throwing net
Armour
 n - a +1 robe of willpower
 s - a +0 pair of boots (worn)
 w - +0 steam dragon scales (worn)
Jewellery
 e - a +6 ring of intelligence (left hand)
 D - a ring of protection from cold (right hand)
Wands
 v - a wand of paralysis (25)
 y - a wand of iceblast (8)
 F - a wand of charming (5)
Scrolls
 d - a scroll of noise {unknown}
 f - 2 scrolls of amnesia {unknown}
 g - 3 scrolls of immolation {unknown}
 h - 2 scrolls of enchant armour {unknown}
 m - a scroll of holy word {unknown}
 o - a scroll of silence {unknown}
 p - a scroll of enchant weapon {unknown}
 r - 6 scrolls of identify {unknown}
 z - a scroll of summoning {unknown}
 B - a scroll of brand weapon {unknown}
 C - a scroll of teleportation {unknown}
Potions
 c - a potion of heal wounds {unknown}
 i - 2 potions of attraction {unknown}
 j - a potion of berserk rage {unknown}
 k - a potion of resistance {unknown}
 l - 2 potions of invisibility {unknown}
 q - a potion of curing {unknown}
 t - 3 potions of might {unknown}
 u - 2 potions of mutation {unknown}
 E - 2 potions of cancellation {unknown}
 G - 2 potions of lignification {unknown}


   Skills:
 + Level 5.2 Fighting
 - Level 8.0 Dodging
 - Level 2.4 Unarmed Combat
 - Level 5.0 Spellcasting
 - Level 8.0 Conjurations
 - Level 2.1 Transmutations
 - Level 2.0 Air Magic
 - Level 2.0 Poison Magic


You had 14 spell levels left.
You knew the following spells:

 Your Spells              Type           Power      Damage    Failure   Level
a - Beastly Appendage     Tmut           38%        N/A       2%          1
b - Shock                 Conj/Air       100%       1d9       1%          1
c - Poisonous Vapours     Pois/Air       36%        N/A       4%          2

Your spell library contained the following spells:

 Spells                   Type           Power      Damage    Failure   Level
 Magic Dart               Conj           100%       1d8       1%          1
 Sting                    Tmut/Pois      76%        1d6       2%          1
 Wereblood                Tmut           19%        N/A       3%          2
 Mephitic Cloud           Conj/Pois/Air  30%        N/A       3%          3
 Corpse Rot               Necr/Air       26%        N/A       6%          2
 Spider Form              Tmut/Pois      19%        N/A       8%          3
 Swiftness                Air            19%        N/A       9%          3
 Call Imp                 Summ           7%         N/A       10%         2
 Airstrike                Air            9%         N/A       26%         4
 Olgreb's Toxic Radiance  Pois           18%        N/A       26%         4
 Ice Form                 Ice/Tmut       13%        N/A       36%         4
 Dispel Undead            Necr           7%         3d8       52%         4
 Death Channel            Necr           3%         N/A       100%        6


Dungeon Overview and Level Annotations

Branches:
Dungeon (7/15)
 Temple: D:4-7

Altars:
Elyvilon
Ru
Vehumet
Yredelemnul

Annotations:
D:7 Harold


Message History

Aim: Harold, wielding a +0 dire flail, wearing a +0 scale mail and quivering 4 throwing nets (lightly wounded, poisoned) Poisonous vapours surround Harold!
Harold looks even sicker.
Harold fires a harpoon shot at you. The harpoon shot misses you.
Casting: Poisonous Vapours (safe; 4% risk of failure)
Confirm with . or Enter, or press ? or * to list all spells.
Aiming: Poisonous Vapours (safe; 4% risk of failure)
Press: ? - help, Dir - move target, f/p - Harold
Aim: Harold, wielding a +0 dire flail, wearing a +0 scale mail and quivering 4 throwing nets (lightly wounded, very poisoned) Poisonous vapours surround Harold!
Harold looks even sicker.
Harold throws a throwing net.
The throwing net hits you.
You become entangled in the net!
You struggle against the net.
You struggle against the net.
Unknown command.
You rip the net and break free!
Harold throws a throwing net.
The throwing net hits you.
You become entangled in the net!
You tear a large gash into the net.
Harold gestures at you while chanting. A sentinel's mark forms upon you.
You struggle against the net.
Harold says, "Listen, it's nothing personal.
It's just a job."
You struggle against the net.
Harold hits you with a +0 dire flail!!
You shred the net and break free! Harold barely misses you.
Harold fires a harpoon shot at you. The harpoon shot hits you.
You are yanked forward by the harpoon shot.
Harold fires a harpoon shot at you. The harpoon shot hits you!
You are yanked forward by the harpoon shot.
Harold throws a throwing net.
The throwing net hits you.
You become entangled in the net!
You see here a throwing net.
You struggle against the net.
You struggle against the net.
Harold barely misses you.
You struggle against the net.
Harold hits you with a +0 dire flail!
* * * LOW HITPOINT WARNING * * *
An orc comes into view. It is wielding a +0 trident.
You struggle against the net.
Harold hits you with a +0 dire flail!
You die...

....#.. ...... ........
..... # #........###...
.#. ## ..........#...o
.... .###.......#......#
.....
.#.........#......##......
.#...##...................
.#<....###.......@##......
........##......@.# #....
........###.......# #.#
........#.........# #
.........#..##..###
.............#...#
.........#..###..#
........####..####
.............##
............##


You could see Harold (poisoned) and an orc.

Vanquished Creatures
  2 steam dragons
  A water moccasin (D:5)
  2 sky beasts (D:6)
  A black bear (D:5)
  An orc warrior (D:6)
  A necrophage (D:4)
  2 ogres
  A centaur (D:6)
  A bullfrog (D:6)
  2 gnoll sergeants (D:5)
  3 scorpions
  A water moccasin zombie (D:5)
  A howler monkey (D:4)
  A centaur zombie (D:6)
  2 bullfrog zombies
  A centaur skeleton (D:5)
  An orc priest (D:5)
  A hound (D:7)
  2 jellies
  2 bullfrog skeletons
  A scorpion zombie (D:5)
  Jessica (D:2)
  3 iguanas
  4 orc wizards
  A hound zombie (D:5)
  A hound skeleton (D:5)
  12 gnolls
  5 adders
  2 ufetubi
  A worm (D:2)
  A dart slug (D:4)
  18 orcs
  6 bats
  4 endoplasms
  9 giant cockroaches
  7 goblins
  4 hobgoblins
  3 jackals (D:2)
  4 quokkas (D:1)
  6 ball pythons
  3 frilled lizards
  10 kobolds
  7 rats
142 creatures vanquished.

Vanquished Creatures (others)
  19 plants
19 creatures vanquished.

Grand Total: 161 creatures vanquished

Notes
Turn   | Place    | Note
-------+----------+-------------------------------------------
     0 | D:1      | sanka the Deep Elf Transmuter began the quest for the Orb.
     0 | D:1      | Reached XP level 1. HP: 11/11 MP: 6/6
   400 | D:1      | Reached XP level 2. HP: 13/16 MP: 7/9
  1231 | D:1      | Reached skill level 1 in Fighting
  1410 | D:1      | Reached XP level 3. HP: 20/20 MP: 8/10
  2432 | D:2      | Found a faded altar of an unknown god.
  2853 | D:2      | Reached XP level 4. HP: 26/26 MP: 10/12
  2876 | D:2      | Noticed Jessica
  2889 | D:2      | Killed Jessica
  3437 | D:3      | Found a basalt altar of Yredelemnul.
  3459 | D:3      | Found a radiant altar of Vehumet.
  3531 | D:3      | Became a worshipper of Vehumet
  3755 | D:3      | Found a sacrificial altar of Ru.
  3908 | D:3      | Learned a level 1 spell: Shock
  4257 | D:4      | Found a white marble altar of Elyvilon.
  4342 | D:4      | Noticed a scorpion
  4356 | D:4      | Killed a scorpion
  4357 | D:4      | Reached skill level 5 in Spellcasting
  4357 | D:4      | Reached skill level 1 in Conjurations
  4357 | D:4      | Reached skill level 1 in Air Magic
  4357 | D:4      | Reached XP level 5. HP: 28/30 MP: 7/14
  4638 | D:4      | Reached XP level 6. HP: 35/35 MP: 9/15
  4799 | D:4      | Reached * piety under Vehumet
  4799 | D:4      | Offered knowledge of Magic Dart by Vehumet.
  4914 | D:4      | Reached skill level 5 in Conjurations
  5021 | D:4      | Reached XP level 7. HP: 40/40 MP: 10/16
  5140 | D:4      | You fall into a shaft and drop 3 floors!
  5178 | D:7      | Noticed a steam dragon
  5193 | D:7      | Killed a steam dragon
  5383 | D:6      | Identified the +7 flail "Murmur" {vorpal, rN+ Dex+6}
  5754 | D:6      | Reached XP level 8. HP: 44/44 MP: 13/17
  5983 | D:5      | Entered Level 5 of the Dungeon
  6138 | D:5      | Reached skill level 5 in Dodging
  6477 | D:5      | Offered knowledge of Poisonous Vapours by Vehumet.
  6524 | D:5      | Learned a level 2 spell: Poisonous Vapours
  6629 | D:5      | Reached ** piety under Vehumet
  7867 | D:6      | Reached XP level 9. HP: 46/52 MP: 12/18
  8326 | D:6      | Reached skill level 5 in Fighting
  8931 | D:7      | Noticed Harold
  8949 | D:7      | Slain by Harold

Illustrated notes

Levels and vault maps discovered:
D:1:      ebering_trefoil_3fold, layout_basic
D:2:      layout_basic, ebering_ecumenical_altar_rust,
          minmay_misc_feat_four_crosses, uniq_jessica
D:3:      layout_basic, old_standard_altar, mainiacjoe_overflow_large_starburst,
          serial_bayou_lagoon_a
D:4:      layout_loops_ring, lightli_temple_of_fire, mainiacjoe_overflow_paths
D:5:      layout_basic, minmay_misc_feat_cross,
          eino_small_chamber_without_monster, ebering_dispersal_statue_hall,
          kennysheep_minor_cross, amcnicky_mini_corridor_feature,
          serial_bayou_lagoon_b
D:6:      layout_basic
D:7:      layout_cave_pools, minmay_temple_entry_large_hall,
          grunt_decor_fettered, uniq_harold

Skill      XL: |  1  2  3  4  5  6  7  8  9 |
---------------+----------------------------+-----
Spellcasting   | 4 5 |  5.0
Fighting       | 1 2 4 5 |  5.2
Dodging        | 3 4 7 8 |  8.0
Conjurations   | 1 2 5 8 |  8.0
Air Magic      | 1 2 |  2.0
Poison Magic   | 2 |  2.0
Unarmed Combat | |  2.4
Transmutations | |  2.1

Action                   |  1- 3 |  4- 6 |  7- 9 || total
-------------------------+-------+-------+-------++-------
Melee: Unarmed           |    41 |       |       ||    41
       Kick              |    26 |     6 |       ||    32
       Headbutt          |    13 |     5 |       ||    18
       Punch             |     5 |     2 |       ||     7
       Dagger            |    91 |    36 |       ||   127
       Flail             |       |       |    43 ||    43
 Cast: Beastly Appendage |    28 |     9 |       ||    37
       Shock             |       |    65 |   200 ||   265
       Poisonous Vapours |       |       |    24 ||    24
Evoke: Wand              |       |       |     4 ||     4
 Stab: Sleeping          |     3 |       |       ||     3
Armor: Robe              |    29 |    13 |       ||    42
       Steam dragon scal |       |       |    24 ||    24
Dodge: Dodged            |    77 |    44 |    84 ||   205
